 Dungeon Crawl Stone Soup version 0.30-b1-2-g02819fbbbe (webtiles) character file.

Game seed: 16466130567563075732

2062 snakesoul the Trooper (level 9, 0/56 HPs)
             Began as a Gargoyle Fighter on May 31, 2023.
             Slain by a cyclops (11 damage)
             ... on level 6 of the Dungeon.
             The game lasted 00:10:45 (6778 turns).

snakesoul the Trooper (Gargoyle Fighter)            Turns: 6778, Time: 00:10:45

Health: 0/56       AC: 20    Str: 24 (25) XL:     9   Next: 25%
Magic:  9/9        EV:  7    Int:  5 (8)  God:
Gold:   230        SH:  8    Dex:  6 (9)  Spells: 8/8 levels left

rFire   . . .        a - +0 flail
rCold   . . .        d - +0 kite shield
rNeg    + . .        g - +0 chain mail
rPois   ∞            (no helmet)
rElec   +            y - +0 cloak
rCorr   .            p - +0 pair of gloves
SInv    .            i - +0 pair of boots
Will    .....        (no amulet) Stlth
                     (no ring)
HPRegen 0.29/turn    (no ring)
MPRegen 0.11/turn

%: no passive effects
@: no status effects
A: sickness immunity, AC +6, negative energy resistance 1, electricity
resistance, torment resistance 1, petrification resistance
a: no special abilities


You were on level 6 of the Dungeon.
You visited 2 branches of the dungeon, and saw 7 of its levels.

You collected 340 gold pieces.
You spent 110 gold pieces at shops.

Inventory:

Hand Weapons
 a - a +0 flail (weapon)
Missiles
 h - 19 stones
 B - 13 boomerangs (quivered)
 C - a throwing net
Armour
 d - a +0 kite shield (worn)
 g - a +0 chain mail (worn)
 i - a +0 pair of boots (worn)
 p - a +0 pair of gloves (worn)
 y - a +0 cloak (worn)
Jewellery
 o - an amulet of faith
 A - a ring of positive energy
Wands
 c - a wand of roots (5)
 t - a wand of digging (3)
 v - a wand of mindburst (14)
Scrolls
 b - a scroll of enchant weapon {unknown}
 e - 3 scrolls of teleportation {unknown}
 f - 6 scrolls of identify {unknown}
 l - a scroll of vulnerability {unknown}
 m - a scroll of enchant armour {unknown}
 n - a scroll of blinking {unknown}
 q - a scroll of magic mapping {unknown}
 r - a scroll of amnesia {unknown}
 s - 3 scrolls of noise {unknown}
 u - 2 scrolls of fear {unknown}
 D - 2 scrolls of fog {unknown}
 H - 3 scrolls of acquirement {unknown}
Potions
 j - 3 potions of curing {unknown}
 k - a potion of resistance {unknown}
 w - 2 potions of brilliance {unknown}
 x - a potion of ambrosia {unknown}
 z - a potion of haste {unknown}
 E - a potion of lignification {unknown}
 F - a potion of mutation {unknown}
 G - 2 potions of degeneration
 I - a potion of invisibility {unknown}


   Skills:
 + Level 6.7 Fighting
 + Level 5.6 Maces & Flails
 + Level 4.4 Throwing
 + Level 6.7 Armour
 + Level 6.6 Shields


You had 8 spell levels left.
You didn't know any spells.
Your spell library was empty.

Dungeon Overview and Level Annotations

Branches:
Dungeon (6/15)             Temple (1/1) D:4

Altars:
Ashenzari
Cheibriados
Dithmenos
Elyvilon
Fedhas
Hepliaklqana
Kikubaaqudgha
Nemelex Xobeh
Qazlal
Ru
Vehumet
Wu Jian
Xom
Zin
The Shining One
Ignis

Shops:
D:3 !


Innate Abilities, Weirdness & Mutations

You are immune to sickness and miasma.
Your stone body is resilient. (AC +6)
You are immune to poison.
You resist negative energy. (rN+)
You are resistant to electric shocks. (rElec)
You are resistant to unholy torment.
You are immune to petrification.


Message History

You hit the scorpion.
The scorpion is severely wounded.
The scorpion stings you but does no damage. x2
The orc barely misses you.
You closely miss the scorpion.
The scorpion is severely wounded.
The scorpion stings you but does no damage.
You block the orc's attack. The ogre hits you with a +0 giant club.
You thump the scorpion!
You kill the scorpion!
You block the orc's attack. The ogre barely misses you.
You hit the ogre.
The ogre is lightly wounded.
You block the orc's attack. The ogre attacks as you move away!
The ogre hits you with a +0 giant club. The ogre attacks as you move away!
The ogre hits you with a +0 giant club!!
You barely miss the orc. You block the orc's attack.
The orc hits you with a +0 club. You block the ogre's attack.
You barely miss the ogre.
The ogre is lightly wounded.
The orc barely misses you.
You hit the ogre.
The ogre is moderately wounded.
The ogre closely misses you. You block the orc's attack.
The ogre attacks as you move away! You block the ogre's attack.
You closely miss the orc. The orc hits you but does no damage.
The ogre hits you with a +0 giant club.
You sock the ogre!
The ogre is heavily wounded.
The orc hits you but does no damage.
The ogre hits you with a +0 giant club!!
* * * LOW HITPOINT WARNING * * *
You closely miss the ogre.
The ogre is heavily wounded.
It was a potion of degeneration.
There was something very wrong with that liquid.
You feel weakened.
You feel dopey.
You feel clumsy. You block the ogre's attack. The cyclops hits you!
You die...

............................#
............................#
#######.#############.......#
#.# #####'###### #.#
########## #......# #.#
##........########.. #.#
##..........## #####. #.#
#....O.......# #....> #.#
##...@Co......###..... #)#
#...########...##.....
#.###..##.8..8.##..##.....
#.....##....†...##..#.....
###..##..######..#..##....
#..# ##§.≈$##.)#..#.... #.##
##§§... ##.##.#.... #.#
#§§#O)# #..#.##### #.#
#..#.5# #..#.# #


You could see a cyclops, an ogre and an orc.

Vanquished Creatures
  2 orc warriors (D:6)
  A sky beast (D:5)
  2 ogres (D:5)
  A centaur (D:4)
  A phantom (D:5)
  4 necrophages (D:4)
  A gnoll sergeant (D:5)
  3 scorpions
  A howler monkey (D:5)
  A bullfrog zombie (D:4)
  6 hounds
  5 jellies (D:5)
  An orc priest (D:4)
  5 iguanas
  2 sleepcaps
  3 orc wizards
  7 gnolls
  10 adders
  2 shadow imps (D:6)
  A white imp (D:6)
  An ufetubus (D:6)
  An adder zombie (D:4)
  2 worms
  3 dart slugs
  16 orcs
  9 ball pythons
  6 bats
  6 endoplasms
  8 giant cockroaches
  11 hobgoblins
  4 jackals
  3 quokkas
  A frilled lizard (D:3)
  6 goblins
  7 kobolds
  4 rats
  A bush (D:4)
148 creatures vanquished.

Vanquished Creatures (others)
  7 plants (D:4)
7 creatures vanquished.

Grand Total: 155 creatures vanquished

Notes
Turn   | Place    | Note
-------+----------+-------------------------------------------
     0 | D:1      | snakesoul the Gargoyle Fighter began the quest for the Orb.
     0 | D:1      | Reached XP level 1. HP: 14/14 MP: 1/1
   187 | D:1      | Reached XP level 2. HP: 14/19 MP: 2/2
   397 | D:1      | Reached XP level 3. HP: 23/23 MP: 3/3
  2396 | D:3      | Reached XP level 4. HP: 26/29 MP: 4/4
  2412 | D:3      | Reached skill level 1 in Throwing
  2523 | D:3      | Found a broken altar of Ashenzari.
  2565 | D:3      | Found Odets's Distillery.
  2575 | D:3      | Bought a potion of heal wounds for 55 gold pieces
  2575 | D:3      | Bought a potion of heal wounds for 55 gold pieces
  2575 | D:3      | Found a glowing silver altar of Zin.
  2714 | D:3      | Found a faded altar of an unknown god.
  3008 | D:4      | Reached XP level 5. HP: 33/33 MP: 5/5
  3056 | D:4      | Found a staircase to the Ecumenical Temple.
  3068 | Temple   | Entered the Ecumenical Temple
  3241 | D:4      | Noticed a centaur
  3252 | D:4      | Killed a centaur
  3253 | D:4      | Reached XP level 6. HP: 39/39 MP: 6/6
  3655 | D:4      | Found a blossoming altar of Fedhas.
  3971 | D:4      | Reached XP level 7. HP: 35/44 MP: 7/7
  3986 | D:4      | Reached skill level 5 in Fighting
  3997 | D:4      | Reached skill level 5 in Armour
  3997 | D:4      | Reached skill level 5 in Shields
  4104 | D:5      | Entered Level 5 of the Dungeon
  4712 | D:5      | Reached XP level 8. HP: 45/50 MP: 8/8
  5621 | D:5      | Reached skill level 5 in Maces & Flails
  6305 | D:6      | Reached XP level 9. HP: 39/56 MP: 9/9
  6741 | D:6      | Noticed a cyclops
  6778 | D:6      | Slain by a cyclops

Illustrated notes

Levels and vault maps discovered:
D:1:      minmay_arrival_doors, layout_basic
D:2:      layout_basic, serial_co_window_serial, co_window_of_opportunity_a,
          co_window_paths_b, co_window_paths_a, co_window_corner_a,
          co_window_paths_b, co_window_unsneaky_path_a, co_window_corner_b,
          co_window_broadway_a, co_window_2corner, co_window_corner_b,
          co_window_paths_c, co_window_of_opportunity_b, co_window_4corner_b,
          glass_columns_b, glass_columns_b, chequers_avenue
D:3:      layout_basic, mainiacjoe_overflow_boulevard, lemuel_tele_altar,
          shapermc_ecumenical_altar_mp_highgroup, serial_shops,
          nicolae_shop_industrial_runoff
D:4:      layout_rooms, fedhas_altar_decomposition,
          minmay_temple_entry_proselytizer, gup_sewer_entry_pipe,
          kennysheep_windowed_goal
D:5:      minmay_razor_zed, layout_basic, st_stairs_5
D:6:      layout_basic, nzn_random_ring
Temple:   pdpol_scorched_temple

Skill      XL: |  1  2  3  4  5  6  7  8 |
---------------+-------------------------+-----
Throwing       | 1 2 3 4 |  4.4
Fighting       | 4 5 6 |  6.7
Armour         | 4 5 6 |  6.7
Shields        | 4 5 6 |  6.6
Maces & Flails | 3 4 5 |  5.6

Action                     |  1- 3 |  4- 6 |  7- 9 || total
---------------------------+-------+-------+-------++-------
  Melee: Flail             |   140 |   196 |   367 ||   703
  Throw: Stone             |     2 |       |       ||     2
         Boomerang         |       |       |    11 ||    11
    Use: Potion            |       |     1 |     4 ||     5
 Armour: Scale mail        |     9 |       |       ||     9
         Chain mail        |    90 |   141 |   264 ||   495
  Dodge: Dodged            |    51 |    82 |   115 ||   248
  Block: Buckler           |    27 |    42 |    61 ||   130
         Kite shield       |       |       |    95 ||    95
